[ AOE2 MATCH · #484931013 ]
UnrankedKhmer vs Khitans
Player's team · LOSS
[ REPLAY ANALYSIS · EXTRACTED FROM THE RECORDED GAME ]
Feudal
11:05
Castle
14:03
Imperial
34:23
| APM avg | 20.7 |
| APM peak | 64 |
| eAPM avg | 11.6 |
| Villagers / military | 148 / 233 |
Focus
⚔️ 30.1% · 🌾 69.9%
Spearman ×168 · Scorpion ×33 · Battle Elephant ×27 · Trebuchet (Packed) ×5
Feudal
11:10
Castle
15:16
Imperial
—
| APM avg | 16.4 |
| APM peak | 51 |
| eAPM avg | 8.7 |
| Villagers / military | 41 / 11 |
Focus
⚔️ 25.8% · 🌾 74.2%
Monk ×3 · Fire Lancer ×3 · Steppe Lancer ×2 · Spearman ×1 · Iron Pagoda ×1 · Battering Ram ×1
Feudal
11:01
Castle
14:37
Imperial
36:41
| APM avg | 52.6 |
| APM peak | 134 |
| eAPM avg | 29.2 |
| Villagers / military | 149 / 145 |
Focus
⚔️ 38.9% · 🌾 61.1%
Militia ×78 · Spearman ×55 · Konnik ×12
Feudal
11:23
Castle
15:04
Imperial
32:56
| APM avg | 25.0 |
| APM peak | 65 |
| eAPM avg | 17.5 |
| Villagers / military | 154 / 420 |
Focus
⚔️ 35.6% · 🌾 64.4%
Knight ×158 · Scout Cavalry ×116 · Spearman ×94 · Militia ×44 · Trebuchet (Packed) ×8
Feudal
9:16
Castle
21:44
Imperial
41:06
| APM avg | 33.0 |
| APM peak | 71 |
| eAPM avg | 23.7 |
| Villagers / military | 172 / 69 |
Focus
⚔️ 29.4% · 🌾 70.6%
Skirmisher ×56 · Iron Pagoda ×9 · War Wagon ×2 · Bombard Cannon ×2
Feudal
10:27
Castle
14:44
Imperial
33:26
| APM avg | 33.6 |
| APM peak | 84 |
| eAPM avg | 19.7 |
| Villagers / military | 196 / 324 |
Focus
⚔️ 34.1% · 🌾 65.9%
Knight ×148 · Archer ×85 · Skirmisher ×43 · Scout Cavalry ×40 · Monk ×4 · Trebuchet (Packed) ×4
Feudal
11:59
Castle
22:18
Imperial
38:38
| APM avg | 47.7 |
| APM peak | 76 |
| eAPM avg | 32.4 |
| Villagers / military | 178 / 120 |
Focus
⚔️ 31.9% · 🌾 68.1%
Woad Raider ×67 · Spearman ×25 · Battering Ram ×15 · Scorpion ×7 · Petard ×2 · Mangonel ×2
Feudal
11:07
Castle
15:58
Imperial
32:56
| APM avg | 21.2 |
| APM peak | 48 |
| eAPM avg | 14.9 |
| Villagers / military | 146 / 287 |
Focus
⚔️ 23.9% · 🌾 76.1%
Spearman ×242 · Boyar ×35 · Trebuchet (Packed) ×6 · Monk ×2 · Battering Ram ×2
Match map
Initial resources + every placement click. Lines = walls · curves = elevation contours. ◆ gold · ⬟ stone · ● berries · ✦ relic · ◌ wall gap
Your base· ✓ Closed at 14:03 · 0t walls · 2 gate(s)
ink55's base· ✓ Closed at 15:16 · 0t walls · 2 gate(s) · fragile
CTM | Benja FC's base· ✓ Closed at 14:37 · 0t walls · 3 gate(s)
The Spirit of Kamala Harris's base· ✓ Closed at 15:04 · 0t walls · 4 gate(s)
PSX | King's base· ✓ Closed at 21:44 · 4t walls · 2 gate(s)
NicoRespeto's base· ✓ Closed at 14:44 · 0t walls · 2 gate(s)
AfricanNija's base· ✓ Closed at 22:18 · 36t walls · 3 gate(s)
CTM | Franco*'s base· ✓ Closed at 15:58 · 0t walls · 3 gate(s)
Smoothed initial terrain · ◌ = detected wall gap · hover for details
Inputs per minute
— Dani - Voy Fatal de Recursos - - ink55
Build order — Dani - Voy Fatal de Recursos
First 150 of 280 actions detected
| 0:00 | Create | Villager (Male) |
| 0:01 | Create | Villager (Male) |
| 0:01 | Create | Villager (Male) |
| 0:01 | Create | Villager (Male) |
| 0:03 | Build | House |
| 0:06 | Build | House |
| 1:41 | Create | Villager (Male) |
| 1:41 | Create | Villager (Male) |
| 2:17 | Create | Villager (Male) |
| 2:17 | Create | Villager (Male) |
| 2:40 | Create | Villager (Male) |
| 2:41 | Create | Villager (Male) |
| 2:53 | Build | Lumber Camp |
| 3:03 | Create | Villager (Male) |
| 3:03 | Create | Villager (Male) |
| 3:03 | Create | Villager (Male) |
| 3:20 | Build | House |
| 3:21 | Build | House |
| 3:33 | Create | Villager (Male) |
| 3:33 | Create | Villager (Male) |
| 3:33 | Create | Villager (Male) |
| 3:38 | Create | Villager (Male) |
| 3:38 | Create | Villager (Male) |
| 4:20 | Create | Villager (Male) |
| 4:20 | Create | Villager (Male) |
| 4:21 | Create | Villager (Male) |
| 5:45 | Create | Villager (Male) |
| 5:45 | Create | Villager (Male) |
| 5:46 | Create | Villager (Male) |
| 6:25 | Create | Villager (Male) |
| 6:26 | Create | Villager (Male) |
| 6:26 | Create | Villager (Male) |
| 6:26 | Create | Villager (Male) |
| 6:50 | Create | Villager (Male) |
| 7:11 | Create | Villager (Male) |
| 7:25 | Build | Mining Camp |
| 8:23 | Build | Farm |
| 8:24 | Build | Farm |
| 8:35 | Build | Farm |
| 8:40 | Build | Farm |
| 8:55 | Research | Feudal Age |
| 9:54 | Build | Mill |
| 11:05 | Age | Feudal Age |
| 11:23 | Research | Castle Age |
| 12:08 | Research | Double-Bit Axe |
| 12:08 | Research | Double-Bit Axe |
| 14:03 | Age | Castle Age |
| 14:09 | Build | Town Center |
| 14:21 | Build | Town Center |
| 14:30 | Build | Town Center |
| 14:33 | Create | Villager (Male) |
| 14:34 | Create | Villager (Male) |
| 15:11 | Create | Villager (Male) |
| 15:37 | Create | Villager (Male) |
| 15:48 | Create | Villager (Male) |
| 15:56 | Create | Villager (Male) |
| 15:57 | Create | Villager (Male) |
| 16:04 | Create | Villager (Male) |
| 16:21 | Build | Farm |
| 16:22 | Build | Farm |
| 16:22 | Build | Farm |
| 16:27 | Build | Farm |
| 16:34 | Create | Villager (Male) ×2 |
| 16:53 | Create | Villager (Male) |
| 16:53 | Create | Villager (Male) |
| 16:54 | Create | Villager (Male) |
| 17:04 | Build | House |
| 17:05 | Build | House |
| 17:12 | Build | Farm |
| 17:12 | Build | Farm |
| 17:24 | Create | Villager (Male) ×3 |
| 17:24 | Create | Villager (Male) ×3 |
| 17:25 | Create | Villager (Male) ×3 |
| 17:29 | Build | Farm |
| 17:43 | Create | Villager (Male) ×2 |
| 17:43 | Create | Villager (Male) ×2 |
| 17:54 | Create | Villager (Male) |
| 18:03 | Build | Farm |
| 18:09 | Build | House |
| 18:12 | Create | Villager (Male) ×2 |
| 18:22 | Create | Villager (Male) ×2 |
| 18:26 | Build | Farm |
| 18:31 | Create | Villager (Male) |
| 19:07 | Create | Villager (Male) ×4 |
| 19:07 | Create | Villager (Male) ×4 |
| 19:25 | Create | Villager (Male) ×3 |
| 19:26 | Create | Villager (Male) ×3 |
| 19:30 | Build | Farm |
| 19:30 | Build | Farm |
| 19:30 | Build | Farm |
| 19:30 | Build | Farm |
| 19:31 | Build | Farm |
| 19:31 | Build | Farm |
| 19:31 | Build | Farm |
| 19:31 | Build | Farm |
| 19:32 | Build | Farm |
| 19:33 | Build | Farm |
| 19:33 | Build | Farm |
| 19:34 | Build | Farm |
| 20:02 | Create | Villager (Male) ×3 |
| 20:02 | Create | Villager (Male) ×3 |
| 20:05 | Build | House |
| 20:06 | Build | House |
| 20:15 | Research | Horse Collar |
| 20:29 | Create | Villager (Male) |
| 20:43 | Build | Farm |
| 20:44 | Build | Farm |
| 20:44 | Build | Farm |
| 20:45 | Build | Farm |
| 20:55 | Build | Farm |
| 20:56 | Build | Farm |
| 20:56 | Build | Farm |
| 20:56 | Build | Farm |
| 20:57 | Build | Farm |
| 21:18 | Create | Villager (Male) ×5 |
| 21:58 | Create | Villager (Male) ×5 |
| 21:59 | Research | Wheelbarrow |
| 22:04 | Build | Farm |
| 22:05 | Build | Farm |
| 22:05 | Build | Farm |
| 22:05 | Build | Farm |
| 22:05 | Build | Farm |
| 22:06 | Build | Farm |
| 22:13 | Research | Bow Saw |
| 22:30 | Build | House |
| 22:34 | Build | House |
| 22:37 | Build | House |
| 22:39 | Build | House |
| 22:47 | Research | Gold Mining |
| 22:53 | Research | Heavy Plow |
| 23:21 | Build | Stable |
| 23:24 | Build | Stable |
| 23:25 | Build | Stable |
| 23:28 | Create | Villager (Male) ×5 |
| 23:32 | Research | Gold Shaft Mining |
| 23:40 | Build | House |
| 23:41 | Build | House |
| 23:43 | Build | House |
| 24:13 | Research | Hand Cart |
| 24:14 | Create | Villager (Male) ×5 |
| 24:19 | Build | Farm |
| 24:19 | Build | Farm |
| 24:20 | Build | Farm |
| 24:20 | Build | Farm |
| 24:21 | Build | Farm |
| 24:55 | Research | Bloodlines |
| 24:56 | Research | Husbandry |
| 25:07 | Create | Battle Elephant |
| 25:12 | Create | Villager (Male) ×5 |
| 25:30 | Build | Barracks |
Build order — ink55
81 actions detected in the replay
| 0:05 | Create | Villager (Male) ×4 |
| 0:09 | Build | House |
| 0:13 | Build | House |
| 1:34 | Build | Lumber Camp |
| 1:44 | Create | Villager (Male) |
| 2:19 | Create | Villager (Male) ×2 |
| 2:58 | Create | Villager (Male) |
| 3:28 | Create | Villager (Male) |
| 3:42 | Create | Villager (Male) |
| 3:57 | Build | House |
| 3:59 | Build | House |
| 4:07 | Create | Villager (Male) |
| 4:27 | Create | Villager (Male) |
| 4:39 | Create | Villager (Male) |
| 4:49 | Build | House |
| 5:20 | Create | Villager (Male) ×2 |
| 5:58 | Create | Villager (Male) |
| 6:06 | Build | Mill |
| 6:28 | Create | Villager (Male) |
| 6:57 | Create | Villager (Male) |
| 7:29 | Create | Villager (Male) |
| 7:57 | Create | Villager (Male) |
| 8:20 | Create | Villager (Male) |
| 8:34 | Build | Mining Camp |
| 8:52 | Research | Feudal Age |
| 8:54 | Create | Villager (Male) |
| 8:55 | Research | Loom |
| 9:12 | Build | Pasture |
| 10:33 | Build | Barracks |
| 11:10 | Age | Feudal Age |
| 11:33 | Build | Stable |
| 11:49 | Create | Villager (Male) |
| 11:59 | Build | Blacksmith |
| 12:30 | Build | Mining Camp |
| 12:36 | Research | Castle Age |
| 12:55 | Build | House |
| 13:12 | Create | Spearman |
| 13:18 | Build | House |
| 13:36 | Research | Stone Mining |
| 13:51 | Research | Tech 1014 |
| 14:12 | Create | Villager (Male) |
| 14:34 | Build | Pasture |
| 14:41 | Build | Pasture |
| 15:16 | Age | Castle Age |
| 15:25 | Create | Villager (Male) |
| 15:47 | Build | Town Center |
| 15:58 | Create | Steppe Lancer |
| 16:49 | Create | Villager (Male) |
| 16:49 | Create | Villager (Male) |
| 17:12 | Build | Monastery |
| 17:27 | Create | Villager (Male) |
| 17:27 | Create | Villager (Male) |
| 17:39 | Create | Fire Lancer |
| 17:42 | Research | Forging |
| 17:44 | Create | Monk |
| 17:53 | Build | House |
| 17:54 | Build | House |
| 18:05 | Create | Villager (Male) |
| 18:23 | Create | Fire Lancer |
| 18:50 | Build | Castle |
| 19:22 | Create | Fire Lancer |
| 19:24 | Create | Monk |
| 19:54 | Create | Steppe Lancer |
| 19:59 | Create | Villager (Male) |
| 19:59 | Create | Villager (Male) |
| 20:06 | Build | Barracks |
| 20:29 | Build | Watch Tower |
| 20:32 | Create | Monk |
| 21:40 | Create | Villager (Male) |
| 22:29 | Build | Siege Workshop |
| 22:50 | Create | Villager (Male) |
| 22:58 | Create | Battering Ram |
| 23:11 | Create | Villager (Male) |
| 24:04 | Create | Villager (Male) |
| 24:57 | Create | Villager (Male) |
| 25:51 | Create | Villager (Male) |
| 26:30 | Create | Villager (Male) |
| 26:32 | Create | Iron Pagoda |
| 27:29 | Build | Castle |
| 27:39 | Create | Villager (Male) |
| 27:39 | Create | Villager (Male) |
Build order — CTM | Benja FC
First 150 of 467 actions detected
| 0:01 | Create | Villager (Male) |
| 0:02 | Build | House |
| 0:03 | Build | House |
| 0:05 | Create | Villager (Male) |
| 0:09 | Create | Villager (Male) |
| 0:26 | Create | Villager (Male) |
| 0:42 | Build | Lumber Camp |
| 0:49 | Build | Lumber Camp |
| 1:38 | Create | Villager (Male) |
| 2:02 | Create | Villager (Male) |
| 2:30 | Create | Villager (Male) |
| 2:33 | Create | Villager (Male) |
| 2:59 | Build | House |
| 3:00 | Build | House |
| 3:01 | Build | House |
| 3:22 | Create | Villager (Male) |
| 3:22 | Create | Villager (Male) |
| 4:16 | Create | Villager (Male) |
| 4:16 | Create | Villager (Male) |
| 4:29 | Create | Villager (Male) |
| 4:52 | Build | Mill |
| 5:05 | Create | Villager (Male) |
| 5:05 | Create | Villager (Male) |
| 5:23 | Create | Villager (Male) |
| 6:12 | Create | Villager (Male) |
| 6:16 | Create | Villager (Male) |
| 6:49 | Build | Mining Camp |
| 7:13 | Create | Villager (Male) |
| 7:36 | Create | Villager (Male) |
| 7:59 | Build | Farm |
| 8:05 | Build | Farm |
| 8:26 | Create | Villager (Male) |
| 8:48 | Create | Villager (Male) |
| 8:51 | Research | Feudal Age |
| 8:53 | Build | Farm |
| 11:01 | Create | Villager (Male) |
| 11:01 | Age | Feudal Age |
| 11:16 | Build | Blacksmith |
| 11:20 | Build | Market |
| 11:27 | Research | Loom |
| 11:56 | Build | Mining Camp |
| 11:57 | Research | Castle Age |
| 13:12 | Build | Barracks |
| 13:17 | Research | Double-Bit Axe |
| 13:52 | Create | Spearman |
| 13:53 | Create | Militia |
| 13:57 | Create | Spearman |
| 14:01 | Create | Spearman |
| 14:03 | Create | Villager (Male) |
| 14:08 | Build | House |
| 14:09 | Build | House |
| 14:37 | Age | Castle Age |
| 14:38 | Create | Villager (Male) |
| 14:57 | Build | Krepost |
| 15:01 | Create | Spearman |
| 15:03 | Create | Villager (Male) |
| 15:04 | Research | Forging |
| 15:36 | Create | Spearman |
| 16:04 | Create | Villager (Male) |
| 16:06 | Build | Farm |
| 16:08 | Build | Farm |
| 16:10 | Create | Spearman |
| 16:16 | Create | Villager (Male) |
| 16:19 | Research | Fletching |
| 16:21 | Build | Farm |
| 16:48 | Create | Villager (Male) |
| 17:11 | Build | Siege Workshop |
| 17:12 | Create | Villager (Male) |
| 17:42 | Research | Bodkin Arrow |
| 18:02 | Create | Villager (Male) |
| 18:09 | Create | Villager (Male) |
| 18:12 | Build | Farm |
| 18:36 | Build | Krepost |
| 18:41 | Create | Villager (Male) |
| 19:23 | Create | Villager (Male) |
| 19:37 | Create | Villager (Male) |
| 19:48 | Create | Villager (Male) |
| 20:07 | Build | Krepost |
| 20:12 | Create | Spearman |
| 20:16 | Create | Spearman |
| 20:39 | Create | Konnik |
| 20:54 | Create | Villager (Male) |
| 21:38 | Create | Villager (Male) |
| 21:38 | Create | Villager (Male) |
| 21:59 | Create | Villager (Male) |
| 22:03 | Build | Mill |
| 22:03 | Build | Farm |
| 22:04 | Build | Farm |
| 22:04 | Build | Farm |
| 22:04 | Build | Farm |
| 22:04 | Build | Farm |
| 22:05 | Build | Farm |
| 22:05 | Build | Farm |
| 22:05 | Build | Farm |
| 22:42 | Create | Villager (Male) |
| 22:46 | Create | Villager (Male) |
| 23:03 | Build | Lumber Camp |
| 23:31 | Create | Villager (Male) |
| 23:50 | Build | Krepost |
| 24:05 | Create | Konnik |
| 24:05 | Create | Konnik |
| 24:05 | Create | Konnik |
| 24:06 | Create | Konnik |
| 24:18 | Create | Villager (Male) |
| 24:20 | Build | Farm |
| 25:07 | Create | Villager (Male) |
| 25:12 | Create | Villager (Male) |
| 25:16 | Build | University |
| 25:18 | Build | House |
| 25:39 | Create | Villager (Male) |
| 25:50 | Build | Farm |
| 26:30 | Create | Villager (Male) |
| 26:59 | Create | Villager (Male) |
| 27:22 | Build | Krepost |
| 27:48 | Create | Villager (Male) |
| 27:48 | Create | Villager (Male) |
| 28:16 | Create | Villager (Male) |
| 28:17 | Create | Villager (Male) |
| 28:31 | Build | Mining Camp |
| 28:40 | Create | Villager (Male) |
| 28:44 | Create | Villager (Male) |
| 28:59 | Build | Town Center |
| 29:06 | Research | Horse Collar |
| 29:22 | Create | Villager (Male) |
| 29:28 | Research | Heavy Plow |
| 29:43 | Create | Villager (Male) |
| 29:44 | Create | Villager (Male) |
| 30:02 | Create | Villager (Male) |
| 30:19 | Build | Farm |
| 30:22 | Build | Farm |
| 30:23 | Create | Villager (Male) |
| 30:35 | Create | Villager (Male) |
| 30:39 | Build | Farm |
| 30:42 | Create | Villager (Male) |
| 30:49 | Research | Wheelbarrow |
| 30:58 | Create | Villager (Male) |
| 30:59 | Create | Villager (Male) |
| 31:06 | Build | Farm |
| 31:07 | Create | Villager (Male) |
| 31:07 | Create | Villager (Male) |
| 31:28 | Create | Villager (Male) |
| 31:40 | Create | Villager (Male) |
| 31:42 | Build | Farm |
| 31:49 | Research | Bow Saw |
| 32:02 | Create | Villager (Male) |
| 32:02 | Create | Villager (Male) |
| 32:12 | Build | Castle |
| 32:20 | Create | Villager (Male) |
| 32:24 | Build | Farm |
| 32:42 | Create | Villager (Male) |
Build order — The Spirit of Kamala Harris
First 150 of 536 actions detected
| 0:01 | Create | Villager (Male) |
| 0:01 | Create | Villager (Male) |
| 0:02 | Create | Villager (Male) |
| 0:03 | Build | House |
| 0:04 | Build | House |
| 0:05 | Create | Villager (Male) |
| 1:30 | Create | Villager (Male) |
| 1:30 | Create | Villager (Male) |
| 1:30 | Create | Villager (Male) |
| 1:49 | Build | Lumber Camp |
| 2:05 | Create | Villager (Male) |
| 2:16 | Create | Villager (Male) |
| 2:16 | Create | Villager (Male) |
| 2:47 | Create | Villager (Male) |
| 2:47 | Create | Villager (Male) |
| 3:06 | Create | Villager (Male) |
| 3:06 | Create | Villager (Male) |
| 3:34 | Create | Villager (Male) |
| 3:57 | Build | Mill |
| 4:00 | Create | Villager (Male) |
| 4:09 | Build | House |
| 4:10 | Build | House |
| 4:20 | Create | Villager (Male) |
| 4:49 | Create | Villager (Male) |
| 5:12 | Create | Villager (Male) |
| 5:12 | Create | Villager (Male) |
| 5:33 | Build | Farm |
| 5:44 | Create | Villager (Male) |
| 6:08 | Create | Villager (Male) |
| 6:08 | Create | Villager (Male) |
| 6:08 | Create | Villager (Male) |
| 6:10 | Build | Farm |
| 6:13 | Create | Villager (Male) |
| 6:13 | Create | Villager (Male) |
| 6:35 | Create | Villager (Male) |
| 6:36 | Create | Villager (Male) |
| 6:45 | Build | Farm |
| 7:26 | Create | Villager (Male) |
| 7:27 | Create | Villager (Male) |
| 7:50 | Build | Farm |
| 7:54 | Build | Farm |
| 8:26 | Create | Villager (Male) |
| 8:26 | Create | Villager (Male) |
| 8:32 | Research | Feudal Age |
| 8:35 | Build | Mining Camp |
| 9:45 | Create | Villager (Male) |
| 9:45 | Create | Villager (Male) |
| 11:23 | Age | Feudal Age |
| 11:26 | Build | Market |
| 11:29 | Build | Blacksmith |
| 11:33 | Research | Double-Bit Axe |
| 11:43 | Build | Mining Camp |
| 12:24 | Research | Castle Age |
| 12:32 | Build | Gate |
| 12:34 | Build | House |
| 12:35 | Build | House |
| 12:47 | Build | Lumber Camp |
| 13:10 | Research | Horse Collar |
| 14:11 | Research | Wheelbarrow |
| 14:12 | Research | Loom |
| 14:49 | Build | House |
| 15:04 | Age | Castle Age |
| 15:06 | Build | Town Center |
| 15:20 | Build | Town Center |
| 15:27 | Build | House |
| 15:41 | Research | Heavy Plow |
| 15:57 | Research | Bow Saw |
| 16:07 | Build | House |
| 16:08 | Build | House |
| 16:17 | Create | Villager (Male) |
| 16:32 | Create | Villager (Male) |
| 16:45 | Build | Farm |
| 16:56 | Build | Mill |
| 17:11 | Build | House |
| 17:13 | Create | Villager (Male) |
| 17:13 | Create | Villager (Male) |
| 17:33 | Build | Farm |
| 17:34 | Build | Farm |
| 17:35 | Build | Farm |
| 17:38 | Build | Farm |
| 17:38 | Build | Farm |
| 17:42 | Build | House |
| 17:44 | Create | Villager (Male) |
| 17:44 | Create | Villager (Male) |
| 17:52 | Create | Villager (Male) |
| 17:53 | Create | Villager (Male) |
| 17:53 | Create | Villager (Male) |
| 18:02 | Build | Farm |
| 18:03 | Create | Villager (Male) |
| 18:04 | Create | Villager (Male) |
| 18:11 | Build | Farm |
| 18:16 | Build | House |
| 18:17 | Build | House |
| 18:19 | Create | Villager (Male) |
| 18:19 | Create | Villager (Male) |
| 18:20 | Create | Villager (Male) |
| 18:32 | Build | Farm |
| 18:38 | Build | Farm |
| 18:40 | Create | Villager (Male) |
| 18:56 | Build | Farm |
| 18:57 | Create | Villager (Male) |
| 18:58 | Create | Villager (Male) |
| 19:13 | Create | Villager (Male) |
| 19:14 | Create | Villager (Male) |
| 19:14 | Create | Villager (Male) |
| 19:19 | Build | House |
| 19:28 | Create | Villager (Male) |
| 19:35 | Build | Barracks |
| 19:37 | Create | Villager (Male) |
| 19:52 | Build | House |
| 19:54 | Build | House |
| 19:56 | Create | Villager (Male) |
| 20:06 | Build | Farm |
| 20:07 | Build | Mill |
| 20:08 | Build | Farm |
| 20:09 | Build | Farm |
| 20:15 | Create | Villager (Male) |
| 20:16 | Create | Villager (Male) |
| 20:22 | Build | Stable |
| 20:28 | Create | Villager (Male) |
| 20:36 | Create | Villager (Male) |
| 20:39 | Build | House |
| 20:40 | Build | House |
| 20:42 | Create | Villager (Male) |
| 20:47 | Build | Farm |
| 20:51 | Build | Farm |
| 20:53 | Build | Farm |
| 20:55 | Build | Farm |
| 21:11 | Create | Villager (Male) |
| 21:11 | Create | Villager (Male) |
| 21:12 | Create | Villager (Male) |
| 21:14 | Research | Bloodlines |
| 21:15 | Create | Knight |
| 21:25 | Build | Stable |
| 21:27 | Create | Knight |
| 21:30 | Research | Forging |
| 21:31 | Create | Villager (Male) |
| 21:39 | Create | Villager (Male) |
| 21:47 | Build | Farm |
| 21:49 | Build | Mill |
| 21:50 | Build | Farm |
| 21:51 | Build | Farm |
| 21:56 | Create | Villager (Male) |
| 22:00 | Create | Villager (Male) |
| 22:09 | Build | Castle |
| 22:15 | Create | Villager (Male) |
| 22:19 | Build | Stable |
| 22:21 | Create | Knight |
| 22:21 | Create | Knight |
| 22:26 | Build | House |
Build order — PSX | King
First 150 of 398 actions detected
| 0:00 | Create | Villager (Male) |
| 0:01 | Create | Villager (Male) |
| 0:01 | Create | Villager (Male) |
| 0:02 | Build | House |
| 0:03 | Build | House |
| 0:08 | Create | Villager (Male) |
| 0:08 | Create | Villager (Male) |
| 1:36 | Create | Villager (Male) |
| 1:53 | Build | Lumber Camp |
| 1:59 | Create | Villager (Male) |
| 2:00 | Create | Villager (Male) |
| 2:24 | Create | Villager (Male) |
| 2:24 | Create | Villager (Male) |
| 2:33 | Create | Villager (Male) |
| 3:13 | Create | Villager (Male) |
| 3:14 | Create | Villager (Male) |
| 3:18 | Build | House |
| 3:24 | Create | Villager (Male) |
| 3:53 | Create | Villager (Male) |
| 3:53 | Create | Villager (Male) |
| 4:06 | Create | Villager (Male) |
| 4:39 | Build | Mill |
| 4:42 | Create | Villager (Male) |
| 5:09 | Create | Villager (Male) |
| 5:10 | Create | Villager (Male) |
| 5:50 | Create | Villager (Male) |
| 6:17 | Research | Loom |
| 7:00 | Research | Feudal Age |
| 7:47 | Build | House |
| 7:49 | Build | Mining Camp |
| 7:50 | Create | Villager (Male) |
| 9:06 | Build | House |
| 9:16 | Age | Feudal Age |
| 9:17 | Build | Blacksmith |
| 9:18 | Build | House |
| 9:19 | Research | Double-Bit Axe |
| 9:23 | Build | Watch Tower |
| 9:32 | Create | Villager (Male) |
| 9:45 | Create | Villager (Male) |
| 10:01 | Research | Fletching |
| 10:21 | Create | Villager (Male) |
| 10:42 | Build | House |
| 10:45 | Create | Villager (Male) |
| 11:08 | Create | Villager (Male) |
| 11:11 | Build | Farm |
| 11:13 | Build | Farm |
| 11:21 | Create | Villager (Male) |
| 11:44 | Create | Villager (Male) |
| 12:06 | Build | Watch Tower |
| 12:09 | Create | Villager (Male) |
| 12:35 | Create | Villager (Male) |
| 12:41 | Build | Farm |
| 12:59 | Create | Villager (Male) |
| 13:22 | Build | House |
| 13:26 | Build | House |
| 13:32 | Build | Palisade Wall |
| 13:34 | Build | Palisade Wall |
| 13:50 | Build | House |
| 13:58 | Build | House |
| 14:08 | Build | Palisade Wall |
| 14:09 | Build | Palisade Wall |
| 14:12 | Create | Villager (Male) |
| 14:21 | Build | Watch Tower |
| 14:31 | Create | Villager (Male) |
| 14:34 | Build | Farm |
| 14:35 | Build | Farm |
| 14:51 | Create | Villager (Male) |
| 14:54 | Build | Mining Camp |
| 15:30 | Create | Villager (Male) |
| 15:35 | Build | House |
| 15:44 | Create | Villager (Male) |
| 15:57 | Build | Market |
| 16:06 | Create | Villager (Male) |
| 16:20 | Build | Farm |
| 16:30 | Create | Villager (Male) |
| 16:53 | Build | Farm |
| 17:11 | Create | Villager (Male) |
| 17:40 | Create | Villager (Male) |
| 17:44 | Build | Farm |
| 18:05 | Create | Villager (Male) |
| 18:10 | Build | Farm |
| 18:12 | Build | Farm |
| 18:14 | Build | Farm |
| 18:42 | Build | Watch Tower |
| 19:00 | Create | Villager (Male) |
| 19:04 | Research | Castle Age |
| 19:27 | Research | Horse Collar |
| 19:28 | Research | Gold Mining |
| 19:44 | Create | Villager (Male) |
| 19:48 | Build | House |
| 19:49 | Build | House |
| 19:52 | Build | House |
| 20:18 | Create | Villager (Male) |
| 20:37 | Create | Villager (Male) |
| 21:10 | Build | Watch Tower |
| 21:10 | Create | Villager (Male) |
| 21:44 | Age | Castle Age |
| 21:47 | Research | Bodkin Arrow |
| 21:48 | Research | Bodkin Arrow |
| 22:05 | Create | Villager (Male) |
| 22:16 | Create | Villager (Male) |
| 22:31 | Build | Town Center |
| 22:52 | Build | House |
| 23:01 | Build | Palisade Wall |
| 23:01 | Create | Villager (Male) |
| 23:13 | Build | University |
| 23:15 | Create | Villager (Male) |
| 23:24 | Build | Watch Tower |
| 23:28 | Research | Bow Saw |
| 23:28 | Research | Bow Saw |
| 23:33 | Build | Farm |
| 23:34 | Build | Farm |
| 23:35 | Create | Villager (Male) |
| 23:49 | Build | Lumber Camp |
| 23:58 | Research | Gold Mining |
| 23:59 | Create | Villager (Male) |
| 24:39 | Research | Ballistics |
| 25:10 | Create | Villager (Male) |
| 25:54 | Create | Villager (Male) |
| 26:04 | Build | Outpost |
| 26:09 | Build | Outpost |
| 26:12 | Build | Outpost |
| 26:13 | Create | Villager (Male) |
| 26:13 | Create | Villager (Male) |
| 26:13 | Create | Villager (Male) |
| 26:28 | Build | Castle |
| 26:38 | Build | Town Center |
| 26:40 | Create | Villager (Male) |
| 26:41 | Create | Villager (Male) |
| 26:41 | Create | Villager (Male) |
| 26:41 | Create | Villager (Male) |
| 26:41 | Create | Villager (Male) |
| 26:46 | Build | Outpost |
| 26:53 | Build | Farm |
| 26:55 | Build | Farm |
| 26:58 | Build | Farm |
| 27:00 | Build | Farm |
| 27:08 | Research | Wheelbarrow |
| 27:08 | Research | Wheelbarrow |
| 27:20 | Build | Outpost |
| 27:23 | Build | Outpost |
| 27:26 | Create | Villager (Male) |
| 27:26 | Create | Villager (Male) |
| 27:30 | Build | Farm |
| 27:44 | Create | Villager (Male) |
| 27:44 | Create | Villager (Male) |
| 27:56 | Research | Heavy Plow |
| 28:01 | Create | Villager (Male) |
| 28:02 | Create | Villager (Male) |
| 28:05 | Build | Farm |
Build order — NicoRespeto
First 150 of 482 actions detected
| 0:16 | Research | Loom |
| 1:04 | Create | Villager (Male) |
| 1:04 | Create | Villager (Male) |
| 1:04 | Create | Villager (Male) |
| 1:22 | Create | Villager (Male) |
| 1:22 | Create | Villager (Male) |
| 1:23 | Create | Villager (Male) |
| 1:23 | Create | Villager (Male) |
| 1:51 | Create | Villager (Male) |
| 1:51 | Create | Villager (Male) |
| 1:51 | Create | Villager (Male) |
| 2:11 | Create | Villager (Male) |
| 2:11 | Create | Villager (Male) |
| 2:43 | Create | Villager (Male) |
| 2:44 | Create | Villager (Male) |
| 2:47 | Build | Lumber Camp |
| 2:57 | Create | Villager (Male) |
| 2:57 | Create | Villager (Male) |
| 2:57 | Create | Villager (Male) |
| 2:57 | Create | Villager (Male) |
| 3:09 | Build | House |
| 3:12 | Build | House |
| 3:20 | Create | Villager (Male) |
| 3:20 | Create | Villager (Male) |
| 3:21 | Create | Villager (Male) |
| 3:33 | Create | Villager (Male) |
| 3:33 | Create | Villager (Male) |
| 3:33 | Create | Villager (Male) |
| 4:00 | Create | Villager (Male) |
| 4:00 | Create | Villager (Male) |
| 4:28 | Create | Villager (Male) |
| 4:28 | Create | Villager (Male) |
| 5:44 | Build | Mill |
| 5:47 | Create | Villager (Male) |
| 5:47 | Create | Villager (Male) |
| 5:47 | Create | Villager (Male) |
| 5:48 | Create | Villager (Male) |
| 5:48 | Create | Villager (Male) |
| 5:48 | Create | Villager (Male) |
| 5:48 | Create | Villager (Male) |
| 6:12 | Create | Villager (Male) |
| 6:13 | Create | Villager (Male) |
| 6:24 | Create | Villager (Male) |
| 6:49 | Create | Villager (Male) |
| 7:06 | Build | Mining Camp |
| 7:32 | Create | Villager (Male) |
| 7:37 | Create | Villager (Male) |
| 7:50 | Create | Villager (Male) |
| 8:03 | Research | Feudal Age |
| 8:27 | Build | House |
| 8:41 | Build | House |
| 9:53 | Build | Barracks |
| 9:59 | Create | Villager (Male) |
| 10:27 | Age | Feudal Age |
| 10:30 | Create | Villager (Male) |
| 10:40 | Build | Blacksmith |
| 11:00 | Create | Villager (Male) |
| 11:33 | Build | Stable |
| 11:38 | Create | Villager (Male) |
| 11:52 | Build | Lumber Camp |
| 12:04 | Research | Castle Age |
| 12:47 | Build | Farm |
| 12:47 | Build | Farm |
| 12:48 | Build | Farm |
| 12:48 | Build | Farm |
| 12:48 | Build | Farm |
| 12:48 | Build | Farm |
| 12:54 | Create | Villager (Male) |
| 12:59 | Build | House |
| 13:22 | Build | Farm |
| 13:30 | Research | Double-Bit Axe |
| 14:44 | Age | Castle Age |
| 14:48 | Create | Villager (Male) |
| 14:51 | Create | Knight |
| 14:57 | Build | Town Center |
| 15:01 | Create | Knight |
| 15:13 | Research | Horse Collar |
| 15:16 | Build | Farm |
| 15:19 | Create | Villager (Male) |
| 15:36 | Build | Farm |
| 15:36 | Build | Farm |
| 15:37 | Build | Farm |
| 15:37 | Build | Farm |
| 15:40 | Create | Villager (Male) |
| 16:30 | Create | Villager (Male) |
| 16:33 | Create | Villager (Male) |
| 16:33 | Create | Villager (Male) |
| 16:33 | Create | Villager (Male) |
| 16:33 | Create | Villager (Male) |
| 16:35 | Build | Farm |
| 16:35 | Build | Farm |
| 16:35 | Build | Farm |
| 16:35 | Build | Farm |
| 16:36 | Build | Farm |
| 16:36 | Build | Farm |
| 16:36 | Build | Farm |
| 16:36 | Build | Farm |
| 16:42 | Build | Farm |
| 16:44 | Create | Villager (Male) |
| 16:44 | Create | Villager (Male) |
| 16:45 | Create | Villager (Male) |
| 17:10 | Create | Villager (Male) |
| 17:10 | Create | Villager (Male) |
| 17:37 | Build | Market |
| 17:41 | Build | Farm |
| 17:41 | Build | Farm |
| 17:41 | Build | Farm |
| 17:42 | Build | Farm |
| 17:44 | Create | Villager (Male) |
| 17:44 | Create | Villager (Male) |
| 17:44 | Create | Villager (Male) |
| 17:45 | Create | Villager (Male) |
| 17:45 | Create | Villager (Male) |
| 17:58 | Build | Farm |
| 18:00 | Create | Villager (Male) |
| 18:00 | Create | Villager (Male) |
| 18:01 | Create | Villager (Male) |
| 18:38 | Research | Wheelbarrow |
| 18:38 | Research | Town Watch |
| 18:44 | Build | Monastery |
| 18:49 | Build | Farm |
| 18:51 | Create | Villager (Male) |
| 18:51 | Create | Villager (Male) |
| 19:01 | Research | Gold Mining |
| 19:01 | Research | Gold Mining |
| 19:18 | Create | Knight |
| 19:18 | Create | Knight |
| 19:18 | Create | Knight |
| 19:33 | Create | Monk |
| 19:49 | Build | Stable |
| 19:51 | Create | Villager (Male) |
| 19:51 | Create | Villager (Male) |
| 19:51 | Create | Villager (Male) |
| 19:51 | Create | Villager (Male) |
| 19:55 | Build | Farm |
| 19:59 | Build | Farm |
| 19:59 | Build | Farm |
| 19:59 | Build | Farm |
| 19:59 | Build | Farm |
| 20:00 | Build | Farm |
| 20:00 | Build | Farm |
| 20:00 | Build | Farm |
| 20:03 | Create | Villager (Male) |
| 20:03 | Create | Villager (Male) |
| 20:22 | Research | Bloodlines |
| 20:22 | Research | Bloodlines |
| 20:31 | Create | Monk |
| 20:35 | Create | Villager (Male) |
| 20:36 | Create | Villager (Male) |
| 20:45 | Build | Farm |
Build order — AfricanNija
First 150 of 533 actions detected
| 0:01 | Create | Villager (Male) |
| 0:01 | Create | Villager (Male) |
| 0:04 | Build | House |
| 0:06 | Build | House |
| 0:29 | Create | Villager (Male) |
| 0:29 | Create | Villager (Male) |
| 1:30 | Create | Villager (Male) |
| 1:30 | Create | Villager (Male) |
| 1:52 | Build | Lumber Camp |
| 2:15 | Create | Villager (Male) |
| 2:16 | Create | Villager (Male) |
| 2:43 | Create | Villager (Male) |
| 2:43 | Create | Villager (Male) |
| 3:08 | Create | Villager (Male) |
| 3:09 | Create | Villager (Male) |
| 3:19 | Build | House |
| 3:19 | Build | House |
| 3:32 | Create | Villager (Male) |
| 3:32 | Create | Villager (Male) |
| 3:33 | Create | Villager (Male) |
| 3:58 | Create | Villager (Male) |
| 3:58 | Create | Villager (Male) |
| 3:58 | Create | Villager (Male) |
| 4:09 | Build | House |
| 4:40 | Create | Villager (Male) |
| 4:40 | Create | Villager (Male) |
| 4:43 | Create | Villager (Male) |
| 4:43 | Create | Villager (Male) |
| 4:43 | Create | Villager (Male) |
| 4:49 | Build | House |
| 5:02 | Build | House |
| 5:08 | Build | House |
| 5:11 | Create | Villager (Male) |
| 5:11 | Create | Villager (Male) |
| 5:56 | Create | Villager (Male) |
| 5:56 | Create | Villager (Male) |
| 6:05 | Create | Villager (Male) |
| 6:05 | Create | Villager (Male) |
| 6:05 | Create | Villager (Male) |
| 6:34 | Build | Mill |
| 6:39 | Create | Villager (Male) |
| 6:39 | Create | Villager (Male) |
| 6:39 | Create | Villager (Male) |
| 6:43 | Build | Mill |
| 7:46 | Build | Farm |
| 7:49 | Build | Farm |
| 7:52 | Build | Farm |
| 7:53 | Create | Villager (Male) |
| 7:55 | Build | Farm |
| 8:09 | Create | Villager (Male) |
| 8:22 | Build | Farm |
| 8:24 | Create | Villager (Male) |
| 8:25 | Create | Villager (Male) |
| 8:25 | Create | Villager (Male) |
| 8:53 | Create | Villager (Male) |
| 9:03 | Create | Villager (Male) |
| 9:21 | Research | Loom |
| 9:22 | Research | Feudal Age |
| 9:41 | Build | Palisade Wall |
| 10:01 | Build | Palisade Wall |
| 10:11 | Build | Palisade Wall |
| 10:26 | Build | Palisade Wall |
| 10:29 | Build | Palisade Wall |
| 10:58 | Create | Villager (Male) |
| 11:10 | Build | Mining Camp |
| 11:13 | Create | Villager (Male) |
| 11:59 | Age | Feudal Age |
| 12:01 | Build | Blacksmith |
| 12:03 | Research | Double-Bit Axe |
| 12:03 | Research | Double-Bit Axe |
| 12:04 | Research | Horse Collar |
| 12:04 | Research | Horse Collar |
| 12:05 | Create | Villager (Male) |
| 12:13 | Build | Watch Tower |
| 13:13 | Research | Fletching |
| 13:14 | Research | Fletching |
| 13:50 | Build | Palisade Wall |
| 14:32 | Build | Palisade Wall |
| 14:32 | Build | Palisade Wall |
| 14:38 | Create | Villager (Male) |
| 14:38 | Create | Villager (Male) |
| 14:50 | Build | Palisade Wall |
| 15:03 | Create | Villager (Male) |
| 15:03 | Create | Villager (Male) |
| 15:07 | Build | Mining Camp |
| 15:09 | Build | Farm |
| 15:12 | Build | Farm |
| 15:36 | Build | Watch Tower |
| 15:47 | Create | Villager (Male) |
| 15:54 | Create | Villager (Male) |
| 15:57 | Build | Farm |
| 16:00 | Build | Farm |
| 16:02 | Build | Farm |
| 16:06 | Build | Farm |
| 16:06 | Build | Farm |
| 16:08 | Create | Villager (Male) |
| 16:10 | Create | Villager (Male) |
| 16:47 | Research | Wheelbarrow |
| 16:54 | Create | Villager (Male) |
| 17:20 | Create | Villager (Male) |
| 17:43 | Build | Lumber Camp |
| 17:53 | Build | House |
| 18:18 | Build | House |
| 18:18 | Build | House |
| 18:22 | Create | Villager (Male) |
| 19:04 | Build | Farm |
| 19:05 | Build | Farm |
| 19:12 | Build | Market |
| 19:24 | Build | Palisade Wall |
| 19:27 | Build | Farm |
| 19:38 | Research | Castle Age |
| 19:38 | Research | Castle Age |
| 19:38 | Research | Castle Age |
| 20:29 | Research | Stone Mining |
| 20:29 | Research | Stone Mining |
| 20:30 | Research | Gold Mining |
| 20:30 | Research | Gold Mining |
| 21:49 | Build | Farm |
| 21:50 | Build | Farm |
| 21:53 | Build | Farm |
| 21:54 | Build | Farm |
| 22:18 | Age | Castle Age |
| 22:29 | Create | Villager (Male) |
| 22:30 | Create | Villager (Male) |
| 22:38 | Build | Siege Workshop |
| 22:45 | Research | Bow Saw |
| 22:45 | Research | Bow Saw |
| 22:46 | Create | Villager (Male) |
| 23:24 | Create | Mangonel |
| 23:29 | Create | Battering Ram |
| 23:36 | Create | Villager (Male) |
| 23:42 | Create | Villager (Male) |
| 24:10 | Create | Villager (Male) |
| 24:16 | Create | Mangonel |
| 24:27 | Research | Heavy Plow |
| 25:34 | Create | Villager (Male) |
| 25:35 | Create | Villager (Male) |
| 25:51 | Create | Villager (Male) |
| 25:51 | Create | Villager (Male) |
| 26:05 | Create | Villager (Male) |
| 26:08 | Build | Farm |
| 26:10 | Build | Farm |
| 26:11 | Build | Farm |
| 26:15 | Build | Stone Wall |
| 26:26 | Build | House |
| 26:28 | Build | House |
| 26:28 | Build | House |
| 26:31 | Create | Villager (Male) |
| 26:44 | Build | Castle |
| 26:46 | Create | Battering Ram |
Build order — CTM | Franco*
First 150 of 396 actions detected
| 0:02 | Create | Villager (Male) |
| 0:02 | Create | Villager (Male) |
| 0:03 | Create | Villager (Male) |
| 0:03 | Create | Villager (Male) |
| 0:03 | Create | Villager (Male) |
| 0:06 | Build | House |
| 0:08 | Build | House |
| 1:40 | Create | Villager (Male) |
| 1:40 | Create | Villager (Male) |
| 2:02 | Build | Lumber Camp |
| 2:07 | Create | Villager (Male) |
| 2:08 | Create | Villager (Male) |
| 2:33 | Create | Villager (Male) |
| 2:42 | Build | House |
| 2:44 | Build | House |
| 3:04 | Create | Villager (Male) |
| 3:04 | Create | Villager (Male) |
| 3:27 | Create | Villager (Male) |
| 3:27 | Create | Villager (Male) |
| 3:55 | Create | Villager (Male) |
| 3:55 | Create | Villager (Male) |
| 4:40 | Create | Villager (Male) |
| 4:40 | Create | Villager (Male) |
| 5:22 | Create | Villager (Male) |
| 5:26 | Create | Villager (Male) |
| 6:06 | Create | Villager (Male) |
| 6:29 | Create | Villager (Male) |
| 6:47 | Create | Villager (Male) |
| 7:00 | Build | Mill |
| 7:05 | Create | Villager (Male) |
| 7:17 | Create | Villager (Male) |
| 8:01 | Create | Villager (Male) |
| 8:46 | Research | Feudal Age |
| 9:06 | Build | Mining Camp |
| 9:39 | Build | Farm |
| 9:40 | Build | Farm |
| 9:40 | Build | Farm |
| 9:41 | Build | Farm |
| 9:44 | Build | Farm |
| 9:46 | Build | Farm |
| 9:54 | Research | Loom |
| 9:56 | Create | Villager (Male) |
| 9:56 | Create | Villager (Male) |
| 10:17 | Build | House |
| 10:52 | Build | House |
| 11:07 | Age | Feudal Age |
| 11:35 | Build | Market |
| 12:04 | Build | Blacksmith |
| 12:45 | Research | Double-Bit Axe |
| 13:18 | Research | Castle Age |
| 14:19 | Research | Horse Collar |
| 14:27 | Research | Gold Mining |
| 14:28 | Research | Stone Mining |
| 15:58 | Age | Castle Age |
| 16:03 | Create | Villager (Male) |
| 16:03 | Create | Villager (Male) |
| 16:03 | Create | Villager (Male) |
| 16:04 | Create | Villager (Male) |
| 16:11 | Build | Monastery |
| 16:19 | Research | Bow Saw |
| 16:22 | Research | Heavy Plow |
| 16:24 | Create | Villager (Male) |
| 16:28 | Build | Town Center |
| 16:37 | Build | Town Center |
| 16:56 | Create | Monk |
| 17:08 | Build | House |
| 17:09 | Build | House |
| 17:11 | Build | House |
| 17:23 | Create | Villager (Male) |
| 17:57 | Build | Barracks |
| 17:58 | Create | Villager (Male) |
| 17:59 | Create | Villager (Male) |
| 18:16 | Create | Villager (Male) |
| 18:49 | Build | Mining Camp |
| 18:55 | Create | Villager (Male) |
| 18:56 | Create | Villager (Male) |
| 18:56 | Create | Villager (Male) |
| 18:56 | Create | Villager (Male) |
| 18:57 | Create | Villager (Male) |
| 19:13 | Create | Monk |
| 19:20 | Build | House |
| 19:21 | Build | House |
| 19:21 | Build | House |
| 19:23 | Create | Villager (Male) |
| 19:24 | Create | Villager (Male) |
| 19:24 | Create | Villager (Male) |
| 19:29 | Build | Farm |
| 19:53 | Create | Villager (Male) |
| 19:54 | Create | Villager (Male) |
| 20:00 | Build | Farm |
| 20:10 | Create | Villager (Male) |
| 20:10 | Create | Villager (Male) |
| 20:22 | Build | Farm |
| 20:29 | Build | Town Center |
| 20:32 | Create | Villager (Male) |
| 20:33 | Create | Villager (Male) |
| 20:45 | Create | Villager (Male) |
| 20:45 | Create | Villager (Male) |
| 20:49 | Build | House |
| 20:50 | Build | House |
| 20:51 | Build | House |
| 21:05 | Build | Farm |
| 21:11 | Build | Farm |
| 21:13 | Build | Farm |
| 21:14 | Build | Farm |
| 21:16 | Build | Farm |
| 21:33 | Create | Villager (Male) |
| 21:33 | Create | Villager (Male) |
| 21:34 | Create | Villager (Male) |
| 21:36 | Build | Farm |
| 22:27 | Create | Villager (Male) |
| 22:27 | Create | Villager (Male) |
| 22:28 | Create | Villager (Male) |
| 22:30 | Build | Farm |
| 22:33 | Build | Farm |
| 22:49 | Build | House |
| 22:50 | Build | House |
| 22:51 | Build | House |
| 22:51 | Create | Villager (Male) |
| 22:51 | Create | Villager (Male) |
| 22:52 | Create | Villager (Male) |
| 22:52 | Create | Villager (Male) |
| 22:57 | Build | Farm |
| 23:19 | Create | Villager (Male) |
| 23:20 | Create | Villager (Male) |
| 23:20 | Create | Villager (Male) |
| 23:21 | Create | Villager (Male) |
| 23:21 | Create | Villager (Male) |
| 23:24 | Build | Farm |
| 23:27 | Build | Farm |
| 23:32 | Build | Farm |
| 23:34 | Build | Farm |
| 23:35 | Build | Farm |
| 23:37 | Build | Farm |
| 23:37 | Build | Farm |
| 23:40 | Build | Farm |
| 23:40 | Build | Farm |
| 23:44 | Build | Farm |
| 23:46 | Build | Mill |
| 23:47 | Create | Villager (Male) |
| 23:48 | Create | Villager (Male) |
| 23:48 | Create | Villager (Male) |
| 23:48 | Create | Villager (Male) |
| 23:52 | Build | Farm |
| 23:54 | Create | Villager (Male) |
| 24:08 | Create | Villager (Male) |
| 24:17 | Build | Farm |
| 24:19 | Build | Farm |
| 24:41 | Create | Villager (Male) |
| 24:41 | Create | Villager (Male) |
Match timeline
| 9:16 | PSX | King · age_up feudal |
| 9:41 | AfricanNija · wall_segment Palisade Wall x9 |
| 9:53 | NicoRespeto · first_building Barracks |
| 10:01 | AfricanNija · wall_segment Palisade Wall x5 |
| 10:11 | AfricanNija · wall_segment Palisade Wall x8 |
| 10:26 | AfricanNija · wall_segment Palisade Wall x5 |
| 10:27 | NicoRespeto · age_up feudal |
| 10:29 | AfricanNija · wall_segment Palisade Wall x8 |
| 10:33 | ink55 · first_building Barracks |
| 11:01 | CTM | Benja FC · age_up feudal |
| 11:05 | Dani - Voy Fatal de Recursos · age_up feudal |
| 11:07 | CTM | Franco* · age_up feudal |
| 11:10 | ink55 · age_up feudal |
| 11:23 | The Spirit of Kamala Harris · age_up feudal |
| 11:33 | ink55 · first_building Stable |
| 11:33 | NicoRespeto · first_building Stable |
| 11:59 | AfricanNija · age_up feudal |
| 13:12 | CTM | Benja FC · first_building Barracks |
| 13:32 | PSX | King · wall_segment Palisade Wall x1 |
| 13:34 | PSX | King · wall_segment Palisade Wall x1 |
| 13:50 | AfricanNija · wall_segment Palisade Wall x1 |
| 14:03 | Dani - Voy Fatal de Recursos · age_up castle |
| 14:08 | PSX | King · wall_segment Palisade Wall x1 |
| 14:09 | PSX | King · wall_segment Palisade Wall x1 |
| 14:32 | AfricanNija · wall_segment Palisade Wall x1 |
| 14:32 | AfricanNija · wall_segment Palisade Wall x1 |
| 14:37 | CTM | Benja FC · age_up castle |
| 14:44 | NicoRespeto · age_up castle |
| 14:50 | AfricanNija · wall_segment Palisade Wall x1 |
| 14:57 | CTM | Benja FC · first_building Krepost |
| 15:04 | The Spirit of Kamala Harris · age_up castle |
| 15:16 | ink55 · age_up castle |
| 15:58 | CTM | Franco* · age_up castle |
| 16:11 | CTM | Franco* · first_building Monastery |
| 17:11 | CTM | Benja FC · first_building Siege Workshop |
| 17:12 | ink55 · first_building Monastery |
| 17:41 | CTM | Benja FC · first_market_buy 100 food |
| 17:57 | CTM | Franco* · first_building Barracks |
| 18:44 | NicoRespeto · first_building Monastery |
| 18:50 | ink55 · first_building Castle |
| 18:53 | NicoRespeto · first_market_buy 100 wood |
| 19:24 | AfricanNija · wall_segment Palisade Wall x1 |
| 19:35 | The Spirit of Kamala Harris · first_building Barracks |
| 19:57 | CTM | Benja FC · first_market_sell 100 wood |
| 20:22 | The Spirit of Kamala Harris · first_building Stable |
| 21:44 | PSX | King · age_up castle |
| 22:09 | The Spirit of Kamala Harris · first_building Castle |
| 22:18 | AfricanNija · age_up castle |
| 22:29 | ink55 · first_building Siege Workshop |
| 22:38 | AfricanNija · first_building Siege Workshop |
| 23:01 | PSX | King · wall_segment Palisade Wall x1 |
| 23:21 | Dani - Voy Fatal de Recursos · first_building Stable |
| 24:31 | PSX | King · first_market_buy 100 wood |
| 24:32 | PSX | King · first_market_sell 100 food |
| 24:58 | CTM | Franco* · tribute_sent a jugador 1 |
| 24:58 | CTM | Franco* · tribute_sent a jugador 2 |
| 24:58 | CTM | Franco* · tribute_sent a jugador 3 |
| 24:58 | CTM | Franco* · tribute_sent a jugador 4 |
| 24:58 | CTM | Franco* · tribute_sent a jugador 5 |
| 24:58 | CTM | Franco* · tribute_sent a jugador 6 |
| 24:58 | CTM | Franco* · tribute_sent a jugador 7 |
| 25:06 | AfricanNija · first_market_buy 100 stone |
| 25:30 | Dani - Voy Fatal de Recursos · first_building Barracks |
| 26:15 | AfricanNija · wall_segment Stone Wall x1 |
| 26:28 | PSX | King · first_building Castle |
| 26:44 | AfricanNija · first_building Castle |
| 27:13 | CTM | Franco* · first_building Castle |
| 28:28 | ink55 · resign |
| 29:29 | The Spirit of Kamala Harris · first_market_sell 100 food |
| 29:43 | NicoRespeto · first_building Siege Workshop |
| 32:12 | CTM | Benja FC · first_building Castle |
| 32:15 | PSX | King · first_building Siege Workshop |
| 32:56 | The Spirit of Kamala Harris · age_up imperial |
| 32:56 | CTM | Franco* · age_up imperial |
| 33:26 | NicoRespeto · age_up imperial |
| 33:46 | PSX | King · wall_segment Stone Wall x1 |
| 33:54 | PSX | King · wall_segment Stone Wall x1 |
| 34:06 | PSX | King · wall_segment Stone Wall x1 |
| 34:08 | PSX | King · wall_segment Stone Wall x1 |
| 34:23 | Dani - Voy Fatal de Recursos · age_up imperial |
| 35:07 | NicoRespeto · tribute_sent a jugador 1 |
| 35:07 | NicoRespeto · tribute_sent a jugador 2 |
| 35:07 | NicoRespeto · tribute_sent a jugador 3 |
| 35:07 | NicoRespeto · tribute_sent a jugador 4 |
| 35:07 | NicoRespeto · tribute_sent a jugador 6 |
| 35:07 | NicoRespeto · tribute_sent a jugador 7 |
| 35:07 | NicoRespeto · tribute_sent a jugador 8 |
| 35:19 | AfricanNija · first_market_sell 100 wood |
| 36:12 | Dani - Voy Fatal de Recursos · first_building Siege Workshop |
| 36:41 | CTM | Benja FC · age_up imperial |
| 37:09 | NicoRespeto · first_building Castle |
| 37:46 | CTM | Franco* · tribute_sent a jugador 1 |
| 37:46 | CTM | Franco* · tribute_sent a jugador 2 |
| 37:46 | CTM | Franco* · tribute_sent a jugador 3 |
| 37:46 | CTM | Franco* · tribute_sent a jugador 4 |
| 37:46 | CTM | Franco* · tribute_sent a jugador 5 |
| 37:46 | CTM | Franco* · tribute_sent a jugador 6 |
| 37:46 | CTM | Franco* · tribute_sent a jugador 7 |
| 38:05 | NicoRespeto · first_building Archery Range |
| 38:38 | AfricanNija · age_up imperial |
| 40:00 | CTM | Franco* · wall_segment Stone Wall x3 |
| 40:03 | CTM | Franco* · wall_segment Stone Wall x2 |
| 40:13 | CTM | Benja FC · wall_segment Stone Wall x1 |
| 40:14 | CTM | Franco* · first_building Siege Workshop |
| 40:15 | CTM | Benja FC · wall_segment Stone Wall x1 |
| 40:28 | PSX | King · first_building Barracks |
| 40:37 | CTM | Benja FC · wall_segment Stone Wall x1 |
| 41:06 | PSX | King · age_up imperial |
| 41:23 | CTM | Franco* · tribute_sent a jugador 1 |
| 41:23 | CTM | Franco* · tribute_sent a jugador 2 |
| 41:23 | CTM | Franco* · tribute_sent a jugador 3 |
| 41:23 | CTM | Franco* · tribute_sent a jugador 4 |
| 41:23 | CTM | Franco* · tribute_sent a jugador 5 |
| 41:23 | CTM | Franco* · tribute_sent a jugador 6 |
| 41:23 | CTM | Franco* · tribute_sent a jugador 7 |
| 41:50 | PSX | King · first_building Archery Range |
| 43:50 | Dani - Voy Fatal de Recursos · first_building Castle |
| 44:30 | AfricanNija · first_building Barracks |
| 46:57 | NicoRespeto · first_market_sell 500 food |
[ AI ANALYSIS · 1 CREDIT ]
What really happened in this match?
Wolo.gg analyzes every decision: build order, eco, micro, common mistakes by bracket. Personalized analysis on WhatsApp or Discord in 30 seconds.
Civ guide
Khmer
Perfil
Dani - Voy Fatal de Recursos